Map: Coda LE (Void)

Players

jinso

  • Race: Protoss Protoss
  • League: Grandmaster

Javert - Winner!

  • Race: Zerg Zerg
  • League: Grandmaster

VOD

Have the link to the VOD?

Description

Time

  • Played on: June 22, 2015, 12:49 a.m.
  • Length: 8:28
Show
View Real Time Build Order
Export as new Build Order

jinso Protoss 

Build Orders: 1 Gate Expand 

Get SALT Encoding   

  12  0:01  Probe  
  13  0:15  Pylon  
  13  0:24  Probe (Chrono Boost)  
  14  0:37  Probe (Chrono Boost)  
  14  0:41  Gateway  
  15  0:45  Probe (Chrono Boost)  
  15  0:49  Assimilator  
  16  1:21  Nexus  
  16  1:35  Cybernetics Core  
  16  1:41  Probe (Chrono Boost)  
  17  1:51  Probe (Chrono Boost)  
  18  1:58  Probe (Chrono Boost)  
  19  2:10  Probe (Chrono Boost)  
  19  2:12  Warp Gate  
  19  2:13  Adept  
  22  2:19  Pylon  
  22  2:27  Assimilator  
  22  2:40  Adept (Chrono Boost)  
  22  2:42  Mothership Core (Chrono Boost)  
  26  2:48  Probe (Chrono Boost)  
  26  2:58  Probe (Chrono Boost)  
  27  3:00  Adept  
  29  3:08  Probe (Chrono Boost)  
  31  3:14  Probe (Chrono Boost)  
  31  3:19  Probe (Chrono Boost)  
  32  3:21  Robotics Facility  
  32  3:24  Probe (Chrono Boost)  
  32  3:26  Probe (Chrono Boost)  
  34  3:37  Probe x2 (Chrono Boost)  
  33  3:47  Probe (Chrono Boost)  
  33  3:58  Forge  
  33  4:09  Observer  
  34  4:11  Probe (Chrono Boost)  
  34  4:21  Probe (Chrono Boost)  
  35  4:26  Probe (Chrono Boost)  
  35  4:36  Probe (Chrono Boost)  
  36  4:48  Pylon  
  36  4:51  Pylon  
  37  4:53  Probe x2 (Chrono Boost), Pylon  
  37  4:54  Pylon x2  
  37  4:56  Observer  
  39  5:02  Probe x2 (Chrono Boost)  
  41  5:09  Stalker, Probe  
  44  5:18  Photon Cannon  
  44  5:19  Photon Cannon  
  44  5:22  Photon Cannon  
  44  5:26  Probe (Chrono Boost)  
  46  5:32  Probe (Chrono Boost)  
  47  5:36  Probe (Chrono Boost)  
  47  5:37  Assimilator  
  47  5:39  Probe (Chrono Boost)  
  47  5:41  Assimilator  
  48  5:43  Probe  
  48  5:45  Pylon  
  49  5:52  Adept  
  51  6:04  Gateway  
  51  6:05  Gateway  
  51  6:10  Immortal (Chrono Boost)  
  55  6:16  Probe x2, Protoss Ground Weapons Level 1  
  57  6:33  Pylon, Zealot  
  56  6:51  Zealot  
  58  7:03  Pylon  
  58  7:04  Pylon  
  58  7:07  Gateway  
  58  7:09  Probe (Chrono Boost)  
  58  7:10  Gateway  
  58  7:11  Gateway  
  58  7:13  Gateway  
  60  7:16  Probe (Chrono Boost)  
  60  7:19  Gateway, Probe (Chrono Boost)  
  59  7:23  Probe (Chrono Boost)  
  60  7:26  Probe  
Show
View Real Time Build Order
Export as new Build Order

Javert Zerg - Winner!

Build Orders: Hatch First 

Get SALT Encoding   

  12  0:01  Drone  
  13  0:13  Overlord  
  13  0:18  Drone  
  14  0:32  Drone x2  
  16  0:50  Hatchery  
  16  0:56  Drone  
  17  0:57  Drone  
  17  1:08  Drone, Extractor  
  17  1:18  Spawning Pool  
  16  1:21  Drone  
  17  1:31  Drone x2  
  19  1:47  Drone  
  20  1:54  Drone  
  21  2:07  Queen  
  21  2:08  Queen  
  23  2:09  Metabolic Boost  
  23  2:11  Zergling x4  
  27  2:17  Overlord  
  27  2:32  Zergling x2  
  28  2:57  Drone x4  
  31  3:08  Drone  
  31  3:09  Drone x3  
  31  3:11  Hatchery  
  34  3:23  Overlord  
  34  3:29  Zergling x2  
  35  3:41  Queen  
  37  3:51  Drone x4  
  37  3:52  Drone x3  
  44  4:03  Overlord x2  
  44  4:13  Overlord x2  
  44  4:15  Extractor x2  
  44  4:16  Lair  
  42  4:17  Extractor  
  41  4:29  Drone x7  
  41  4:30  Drone x2  
  50  4:42  Drone x3  
  50  4:43  Drone  
  51  4:58  Drone x2  
  51  4:59  Evolution Chamber, Drone x6  
  58  5:01  Evolution Chamber  
  57  5:07  Zergling x2  
  57  5:14  Zergling x4  
  60  5:22  Spire  
  60  5:23  Drone x2  
  60  5:24  Drone x4  
  65  5:35  Zerg Ground Armor Level 1  
  65  5:36  Overlord  
  65  5:38  Overlord  
  65  5:42  Extractor  
  64  5:43  Extractor  
  64  5:45  Drone x8  
  71  5:51  Overlord x2  
  71  5:52  Overlord x2  
  71  6:01  Overlord x2  
  71  6:14  Spore Crawler  
  71  6:15  Spine Crawler  
  71  6:16  Spore Crawler  
  68  6:23  Roach Warren, Hydralisk Den  
  68  6:25  Zerg Missile Weapons Level 1  
  66  6:39  Mutalisk x9  
  83  6:50  Mutalisk  
  83  6:51  Mutalisk  
  85  6:57  Zergling x2  
  85  6:58  Zergling x24  
  85  6:59  Zergling x2  
  99  7:03  Muscular Augments  
  99  7:12  Spine Crawler  
  99  7:14  Spine Crawler  
  97  7:36  Drone  
  97  7:37  Drone x14  
  97  7:52  Overlord x2  
Tags
 
Add a new tag
Caveats
  • Supply blocks, unpowered buildings, or Contaminate may cause inaccurate times.
  • Supply counts are checked every 10 seconds.